PR
TULSA OTTERS @ BETHLEHEM ANGEL KITTIES
07/11/2046
 
TOP OF THE 1ST
Tulsa Otters batting - Pitching for Bethlehem Angel Kitties : RHP Bill Hill
Pitching: RHP Bill Hill
Batting: LHB Jason Bowers 0-0: DOUBLE (Line Drive, 8RD, EV 95.6 MPH)
Batting: LHB José Rico 0-0: Ball
1-0: Called Strike
1-1: Foul Ball, location: 2F
1-2: Foul Ball, location: 2F
1-2: Foul Ball, location: 2F
1-2: Ground out 5-3 (Groundball, 5S, EV 71.9 MPH)
Jason Bowers to third
Batting: RHB Bake McBride 0-0: Called Strike
0-1: Called Strike
0-2: Foul Ball, location: 2F
0-2: Foul Ball, location: 2F
0-2: Strikes out looking
Batting: RHB Kane Blackwood 0-0: SINGLE (Groundball, 34D, EV 100.0 MPH)
Jason Bowers scores
Batting: RHB Les Gillett 0-0: Swinging Strike
0-1: Swinging Strike
0-2: Foul Ball, location: 2F
0-2: Ball
1-2: Ball
2-2: SINGLE (Line Drive, 8RM, EV 89.4 MPH)
Kane Blackwood to second
Kane Blackwood to third
Batting: SHB Claudio Medina 0-0: Called Strike
0-1: Called Strike
0-2: Ball
Wild Pitch!
Kane Blackwood scores
Les Gillett to second
1-2: Ball
2-2: SINGLE (Groundball, 34S, EV 73.8 MPH) (infield hit)
Les Gillett to third
Batting: LHB Ed Hicks 0-0: Called Strike
0-1: Called Strike
0-2: Ball
1-2: Fly out, F7 (Flyball, 7LM, EV 97.5 MPH)
Top of the 1st over - 2 runs, 4 hits, 0 errors, 2 left on base; Tulsa 2 - Bethlehem 0
BOTTOM OF THE 1ST
Bethlehem Angel Kitties batting - Pitching for Tulsa Otters : RHP Chang-ho Kim
Pitching: RHP Chang-ho Kim
Batting: RHB Ryan Sánchez 0-0: Called Strike
0-1: DOUBLE (Line Drive, 7LM, EV 89.4 MPH)
Batting: SHB John Hurt 0-0: Ball
Ryan Sánchez steals 3rd base
1-0: Swinging Strike
1-1: Ball
2-1: Fly out, F7 (Flyball, 78M, EV 87.5 MPH)
Runner from 3rd tags up, SCORES, no throw by LF
Batting: LHB William Shepard 0-0: Ball
1-0: Ball
2-0: Fly out, F5 (Popup, 6S, EV 71.2 MPH)
Batting: LHB Zivojin Simic 0-0: DOUBLE (Line Drive, 7LD, EV 108.1 MPH)
Batting: RHB Raúl Miranda 0-0: Called Strike
0-1: Ball
1-1: Ball
2-1: Ball
3-1: Base on Balls
Batting: RHB Juan Oreta 0-0: Called Strike
0-1: SINGLE (Line Drive, 34D, EV 106.9 MPH)
Zivojin Simic to third
Raúl Miranda to second
Runner from 3rd tries for Home, SAFE, throw by RF to home
Batting: RHB Mike Lee 0-0: Foul Ball, location: 2F
0-1: Foul Ball, location: 2F
0-2: Strikes out looking
Bottom of the 1st over - 2 runs, 3 hits, 0 errors, 2 left on base; Tulsa 2 - Bethlehem 2
TOP OF THE 2ND
Tulsa Otters batting - Pitching for Bethlehem Angel Kitties : RHP Bill Hill
Batting: SHB Anthony Potter 0-0: Called Strike
0-1: Ground out 4-3 (Groundball, 34D, EV 82.5 MPH)
Batting: RHB Wayne Funnell 0-0: Ball
1-0: Called Strike
1-1: Foul Ball, location: 2F
1-2: DOUBLE (Flyball, 8RXD, EV 103.1 MPH)
Batting: LHB Jason Bowers 0-0: Ground out 4-3 (Groundball, 4M, EV 83.1 MPH)
Wayne Funnell to third
Batting: LHB José Rico 0-0: Ball
Wild Pitch!
Wayne Funnell scores
1-0: Ball
2-0: Ball
3-0: Base on Balls
Batting: RHB Bake McBride 0-0: Ball
José Rico is caught stealing 2nd base 2-4
Top of the 2nd over - 1 run, 1 hit, 0 errors, 0 left on base; Tulsa 3 - Bethlehem 2
BOTTOM OF THE 2ND
Bethlehem Angel Kitties batting - Pitching for Tulsa Otters : RHP Chang-ho Kim
Batting: RHB Pat Miller 0-0: SINGLE (Groundball, 56D, EV 96.2 MPH)
Batting: RHB Ernesto Avilés 0-0: Ball
1-0: TRIPLE (Flyball, 89XD, EV 90.6 MPH)
Pat Miller scores
Batting: RHB Ryan Sánchez 0-0: Called Strike
0-1: Ball
1-1: SINGLE (Groundball, 34D, EV 102.5 MPH)
Ernesto Avilés scores
Batting: SHB John Hurt 0-0: Ball
1-0: SINGLE (Line Drive, 7S, EV 108.1 MPH)
Ryan Sánchez to second
Batting: LHB William Shepard 0-0: Foul Ball, location: 2F
0-1: Swinging Strike
0-2: Foul Ball, location: 2F
0-2: Ball
1-2: SINGLE (Groundball, 6MD, EV 109.4 MPH)
Ryan Sánchez to third
John Hurt to second
Runner from 3rd tries for Home, SAFE, throw by CF to home
Batting: LHB Zivojin Simic 0-0: Grounds into double play, 6-4-3 (Groundball, 6, EV 88.1 MPH)
John Hurt to third
Batting: RHB Raúl Miranda 0-0: Ball
1-0: Foul Ball, location: 2F
1-1: Foul Ball, location: 2F
1-2: DOUBLE (Line Drive, 8RXD, EV 103.8 MPH)
John Hurt scores
Pitching: RHP Iván Betancourt
Batting: RHB Juan Oreta 0-0: Ball
1-0: Called Strike
1-1: Fly out, F5 (Popup, 25F, EV 88.8 MPH)
Bottom of the 2nd over - 4 runs, 6 hits, 0 errors, 1 left on base; Tulsa 3 - Bethlehem 6
TOP OF THE 3RD
Tulsa Otters batting - Pitching for Bethlehem Angel Kitties : RHP Bill Hill
Batting: RHB Bake McBride 0-0: Ball
1-0: Ground out 5-3 (Groundball, 56, EV 81.9 MPH)
Batting: RHB Kane Blackwood 0-0: Ball
1-0: Ball
2-0: Ball
3-0: Called Strike
3-1: Base on Balls
Batting: RHB Les Gillett 0-0: Called Strike
Kane Blackwood steals 2nd, throwing error, E2
Kane Blackwood to third
0-1: Ball
1-1: Ball
2-1: Fly out, F9 (Flyball, 9LM, EV 103.1 MPH)
Runner from 3rd tags up, SCORES, throw by RF
Batting: SHB Claudio Medina 0-0: SINGLE (Groundball, 34D, EV 105.0 MPH)
Batting: LHB Ed Hicks 0-0: Swinging Strike
0-1: Ball
1-1: Foul Ball, location: 2F
1-2: Foul Ball, location: 2F
1-2: SINGLE (Groundball, 34D, EV 100.6 MPH)
Claudio Medina to second
Runner from 2nd tries for 3rd, OUT! 9-5
Top of the 3rd over - 1 run, 2 hits, 1 error, 1 left on base; Tulsa 4 - Bethlehem 6
BOTTOM OF THE 3RD
Bethlehem Angel Kitties batting - Pitching for Tulsa Otters : RHP Iván Betancourt
Batting: RHB Mike Lee 0-0: Swinging Strike
0-1: DOUBLE (Groundball, 5L, EV 95.6 MPH)
Batting: RHB Pat Miller 0-0: Fly out, F7 (Line Drive, 7, EV 87.5 MPH)
Batting: RHB Ernesto Avilés 0-0: Fly out, F6 (Flyball, 56D, EV 82.5 MPH)
Batting: RHB Ryan Sánchez 0-0: Called Strike
0-1: Called Strike
0-2: Foul Ball, location: 2F
0-2: Strikes out swinging
Bottom of the 3rd over - 0 runs, 1 hit, 0 errors, 1 left on base; Tulsa 4 - Bethlehem 6
TOP OF THE 4TH
Tulsa Otters batting - Pitching for Bethlehem Angel Kitties : RHP Bill Hill
Batting: SHB Anthony Potter 0-0: Foul Ball, location: 2F
0-1: Ball
1-1: Ground out 3-1 (Groundball, 34, EV 106.9 MPH)
Batting: RHB Wayne Funnell 0-0: Swinging Strike
0-1: Called Strike
0-2: Ball
1-2: Ball
2-2: Foul Ball, location: 2F
2-2: Ground out U3 (Groundball, 3S, EV 68.8 MPH)
Batting: LHB Jason Bowers 0-0: Ball
1-0: Ball
2-0: Ball
3-0: Base on Balls
Batting: LHB José Rico 0-0: Swinging Strike
Jason Bowers steals 2nd base
0-1: Ball
1-1: Fly out, F8 (Flyball, 8LD, EV 101.9 MPH)
Top of the 4th over - 0 runs, 0 hits, 0 errors, 1 left on base; Tulsa 4 - Bethlehem 6
BOTTOM OF THE 4TH
Bethlehem Angel Kitties batting - Pitching for Tulsa Otters : RHP Iván Betancourt
Batting: SHB John Hurt 0-0: Ground out 5-3 (Groundball, 5, EV 94.4 MPH)
Batting: LHB William Shepard 0-0: Ball
1-0: Called Strike
1-1: Swinging Strike
1-2: Ball
2-2: Ground out 1-3 (Groundball, 34S, EV 73.1 MPH)
Batting: LHB Zivojin Simic 0-0: Ball
1-0: Ball
2-0: Called Strike
2-1: Called Strike
2-2: Ball
3-2: Base on Balls
Batting: RHB Raúl Miranda 0-0: Ball
Wild Pitch!
Zivojin Simic to second
1-0: Called Strike
1-1: Foul Ball, location: 2F
1-2: Ball
2-2: Ball
3-2: Ground out 6-3 (Groundball, 6, EV 92.5 MPH)
Bottom of the 4th over - 0 runs, 0 hits, 0 errors, 1 left on base; Tulsa 4 - Bethlehem 6
TOP OF THE 5TH
Tulsa Otters batting - Pitching for Bethlehem Angel Kitties : RHP Bill Hill
Batting: RHB Bake McBride 0-0: Called Strike
0-1: Fly out, F7 (Flyball, 7D, EV 90.6 MPH)
Batting: RHB Kane Blackwood 0-0: Ball
1-0: Ball
2-0: Ball
3-0: Called Strike
3-1: Foul Ball, location: 2F
3-2: Base on Balls
Batting: RHB Les Gillett 0-0: Ball
Kane Blackwood is caught stealing 2nd base 2-4
1-0: Swinging Strike
1-1: DOUBLE (Line Drive, 78M, EV 94.4 MPH)
Batting: SHB Claudio Medina 0-0: Called Strike
0-1: Ball
1-1: Ground out 4-3 (Groundball, 4, EV 95.6 MPH)
Top of the 5th over - 0 runs, 1 hit, 0 errors, 1 left on base; Tulsa 4 - Bethlehem 6
BOTTOM OF THE 5TH
Bethlehem Angel Kitties batting - Pitching for Tulsa Otters : RHP Iván Betancourt
Batting: RHB Juan Oreta 0-0: Ball
1-0: Ball
2-0: Ground out 4-3 (Groundball, 4, EV 101.2 MPH)
Batting: RHB Mike Lee 0-0: Swinging Strike
0-1: Ball
1-1: Ball
2-1: Called Strike
2-2: Ground out 5-3 (Groundball, 56, EV 83.8 MPH)
Batting: RHB Pat Miller 0-0: Ball
1-0: Swinging Strike
1-1: Swinging Strike
1-2: Strikes out swinging
Bottom of the 5th over - 0 runs, 0 hits, 0 errors, 0 left on base; Tulsa 4 - Bethlehem 6
TOP OF THE 6TH
Tulsa Otters batting - Pitching for Bethlehem Angel Kitties : RHP Bill Hill
Batting: LHB Ed Hicks 0-0: Ball
1-0: Ground out 4-3 (Groundball, 4S, EV 86.9 MPH)
Batting: SHB Anthony Potter 0-0: Ball
1-0: Called Strike
1-1: Ground out 4-3 (Groundball, 4, EV 85.6 MPH)
Batting: RHB Wayne Funnell 0-0: Called Strike
0-1: Ball
1-1: Foul Ball, location: 2F
1-2: Ball
2-2: Ball
3-2: Foul Ball, location: 2F
3-2: Foul Ball, location: 2F
3-2: Fly out, F8 (Line Drive, 8RM, EV 92.5 MPH)
Top of the 6th over - 0 runs, 0 hits, 0 errors, 0 left on base; Tulsa 4 - Bethlehem 6
BOTTOM OF THE 6TH
Bethlehem Angel Kitties batting - Pitching for Tulsa Otters : RHP Iván Betancourt
Batting: RHB Ernesto Avilés 0-0: Ball
1-0: Ball
2-0: Ball
3-0: Called Strike
3-1: Fly out, F8 (Flyball, 8RM, EV 96.9 MPH)
Batting: RHB Ryan Sánchez 0-0: Foul Ball, location: 2F
0-1: Ball
1-1: Ground out 4-3 (Groundball, 4, EV 82.5 MPH)
Batting: SHB John Hurt 0-0: Ball
1-0: Ball
2-0: Swinging Strike
2-1: Foul Ball, location: 2F
2-2: Ball
3-2: Ground out 5-3 (Groundball, 5, EV 93.1 MPH)
Bottom of the 6th over - 0 runs, 0 hits, 0 errors, 0 left on base; Tulsa 4 - Bethlehem 6
TOP OF THE 7TH
Tulsa Otters batting - Pitching for Bethlehem Angel Kitties : RHP Bill Hill
Batting: LHB Jason Bowers 0-0: Ball
1-0: Ball
2-0: Ground out 5-3 (Groundball, 5, EV 101.2 MPH)
Pitching: LHP Salvador Olivares
Batting: LHB José Rico 0-0: Foul Ball, location: 2F
0-1: Ball
1-1: Ground out 6-3 (Groundball, 4MS, EV 75.6 MPH)
Batting: RHB Bake McBride 0-0: Ball
1-0: Foul Ball, location: 2F
1-1: Ball
2-1: Fly out, F8 (Flyball, 8RS, EV 78.8 MPH)
Top of the 7th over - 0 runs, 0 hits, 0 errors, 0 left on base; Tulsa 4 - Bethlehem 6
BOTTOM OF THE 7TH
Bethlehem Angel Kitties batting - Pitching for Tulsa Otters : RHP Iván Betancourt
Batting: LHB William Shepard 0-0: Ball
1-0: Ball
2-0: Ball
3-0: Base on Balls
Pitching: LHP Abhinita Rangarajan
Batting: LHB Zivojin Simic 0-0: Foul Ball, location: 2F
0-1: Ball
1-1: Ball
2-1: Ball
3-1: Base on Balls
William Shepard to second
Batting: RHB Raúl Miranda 0-0: Called Strike
0-1: Called Strike
0-2: Ball
1-2: Ball
2-2: Ball
3-2: Reached on error, E5 (Groundball, 56D, EV 93.1 MPH)
William Shepard to third
Zivojin Simic to second
Batting: RHB Juan Oreta 0-0: Ball
1-0: Ball
2-0: Ball
3-0: Called Strike
3-1: Grounds into fielders choice 3-2 (Groundball, 3, EV 89.4 MPH)
Zivojin Simic to third
Raúl Miranda to second
Batting: RHB Mike Lee 0-0: Called Strike
0-1: Ball
1-1: DOUBLE (Groundball, 5L, EV 100.6 MPH)
Zivojin Simic scores
Raúl Miranda scores
Juan Oreta to third
Batting: RHB Pat Miller 0-0: Called Strike
0-1: Ball
1-1: Ground out 6-3 (Groundball, 6M, EV 90.0 MPH)
Juan Oreta scores
Mike Lee to third
Batting: RHB Ernesto Avilés 0-0: Ball
1-0: Called Strike
1-1: Ball
2-1: Foul Ball, location: 2F
2-2: Foul Ball, location: 2F
2-2: Ball
3-2: Foul Ball, location: 2F
3-2: Base on Balls
Batting: RHB Ryan Sánchez 0-0: Called Strike
0-1: Swinging Strike
0-2: Ball
1-2: Ball
2-2: SINGLE (Groundball, 4S, EV 70.6 MPH) (infield hit)
Mike Lee scores
Ernesto Avilés to second
Batting: SHB John Hurt 0-0: Called Strike
0-1: Ball
1-1: TRIPLE (Flyball, 78XD, EV 103.1 MPH)
Ernesto Avilés scores
Ryan Sánchez scores
Pitching: LHP Chet Goode
Batting: LHB William Shepard 0-0: Fly out, F7 (Flyball, 7S, EV 93.1 MPH)
Bottom of the 7th over - 6 runs, 3 hits, 1 error, 1 left on base; Tulsa 4 - Bethlehem 12
TOP OF THE 8TH
Tulsa Otters batting - Pitching for Bethlehem Angel Kitties : LHP Salvador Olivares
Pinch Hitting: RHB Chad Smith 0-0: Fly out, F7 (Line Drive, 7, EV 84.4 MPH)
Batting: RHB Les Gillett 0-0: Foul Ball, location: 2F
0-1: Ball
1-1: SINGLE (Line Drive, 6D, EV 101.2 MPH)
Batting: SHB Claudio Medina 0-0: Grounds into double play, 5-4-3 (Groundball, 5S, EV 83.1 MPH)
Top of the 8th over - 0 runs, 1 hit, 0 errors, 0 left on base; Tulsa 4 - Bethlehem 12
BOTTOM OF THE 8TH
Bethlehem Angel Kitties batting - Pitching for Tulsa Otters : LHP Chet Goode
Now in RF: Josh Heathershaw
Pinch Hitting: SHB Jelmar Loeve 0-0: Foul Ball, location: 2F
0-1: Called Strike
0-2: Ball
1-2: Ball
2-2: Ground out 6-3 (Groundball, 6S, EV 63.1 MPH)
Batting: RHB Raúl Miranda 0-0: Foul Ball, location: 2F
0-1: Ball
1-1: Foul Ball, location: 2F
1-2: Ball
2-2: Foul Ball, location: 2F
2-2: Foul Ball, location: 2F
2-2: Foul Ball, location: 2F
2-2: Ball
3-2: Base on Balls
Batting: RHB Juan Oreta 0-0: Ball
1-0: Foul Ball, location: 2F
1-1: Ball
2-1: Called Strike
2-2: SINGLE (Groundball, 4MD, EV 106.9 MPH)
Raúl Miranda to second
Batting: RHB Mike Lee 0-0: Ball
1-0: SINGLE (Groundball, 56S, EV 70.6 MPH) (infield hit)
Raúl Miranda to third
Juan Oreta to second
Batting: RHB Pat Miller 0-0: Called Strike
0-1: Ball
1-1: Hit by Pitch
Raúl Miranda scores
Juan Oreta to third
Mike Lee to second
Batting: RHB Ernesto Avilés 0-0: Ball
1-0: Ball
2-0: Called Strike
2-1: Fly out, F7 (Line Drive, 7, EV 89.4 MPH)
Batting: RHB Ryan Sánchez 0-0: Called Strike
0-1: Ball
1-1: Swinging Strike
1-2: Foul Ball, location: 2F
1-2: Ball
Wild Pitch!
Juan Oreta scores
Mike Lee to third
Pat Miller to second
2-2: Foul Ball, location: 2F
2-2: Reached on error, E5 (Groundball, 25, EV 93.8 MPH)
Mike Lee scores
Pat Miller to third
Batting: SHB John Hurt 0-0: Called Strike
0-1: Foul Ball, location: 2F
0-2: Foul Ball, location: 2F
0-2: Foul Ball, location: 2F
0-2: Foul Ball, location: 2F
0-2: Foul Ball, location: 2F
0-2: Ground out 4-3 (Groundball, 4, EV 79.4 MPH)
Bottom of the 8th over - 3 runs, 2 hits, 1 error, 2 left on base; Tulsa 4 - Bethlehem 15
TOP OF THE 9TH
Tulsa Otters batting - Pitching for Bethlehem Angel Kitties : LHP Salvador Olivares
Now at 2B: Jelmar Loeve
Batting: LHB Ed Hicks 0-0: Swinging Strike
0-1: Fly out, F7 (Line Drive, 7, EV 98.1 MPH)
Batting: SHB Anthony Potter 0-0: Called Strike
0-1: Swinging Strike
0-2: Ball
1-2: Foul Ball, location: 2F
1-2: Foul Ball, location: 2F
1-2: Ground out 6-3 (Groundball, 56, EV 98.1 MPH)
Batting: RHB Wayne Funnell 0-0: Ground out 5-3 (Groundball, 56S, EV 67.5 MPH)
Top of the 9th over - 0 runs, 0 hits, 0 errors, 0 left on base; Tulsa 4 - Bethlehem 15
Wednesday, July 27th , 2022 - OOTP Baseball 22.12 Build 89